 Dungeon Crawl Stone Soup version 0.29-a0-275-g389c0b56f3 (webtiles) character file.

Game seed: 7863575082814595471

46 siradein the Vexing (level 3, -3/20 HPs)
             Began as a Deep Elf Arcane Marksman on Mar 9, 2022.
             Slain by an ogre
             ... wielding a +0 giant spiked club
              (11 damage)
             ... on level 3 of the Dungeon.
             The game lasted 00:02:13 (992 turns).

siradein the Vexing (Deep Elf Arcane Marksman)       Turns: 992, Time: 00:02:14

Health: -3/20      AC:  5    Str:  7    XL:     3   Next: 46%
Magic:  0/8        EV: 12    Int: 17    God:
Gold:   32         SH:  0    Dex: 17    Spells: 2/6 levels left

rFire   . . .      SeeInvis .   a - +0 shortbow
rCold   . . .      Faith    .   (shield currently unavailable)
rNeg    . . .      Spirit   +   h - +0 leather armour
rPois   .          Reflect  .   d - +1 helmet
rElec   .          Harm     .   (no cloak)
rCorr   .          Rampage  .   (no gloves)
Will    .....                   (no boots)
Stlth   +.........              g - amulet of guardian spirit
HPRegen 0.06/turn               (no ring)
MPRegen 0.11/turn               (no ring)

@: no status effects
A: no striking features
a: no special abilities


You were on level 3 of the Dungeon.
You visited 1 branch of the dungeon, and saw 3 of its levels.

You collected 32 gold pieces.

Inventory:

Hand Weapons
 a - a +0 shortbow (weapon)
Armour
 d - a +1 helmet (worn)
 h - a +0 leather armour (worn)
Jewellery
 g - an amulet of guardian spirit (around neck)
Scrolls
 b - 2 scrolls of identify {unknown}
 c - 2 scrolls of vulnerability
 e - a scroll of amnesia {unknown}
 f - a scroll of fog {unknown}


   Skills:
 + Level 1.3 Fighting
 * Level 3.7 Bows
 + Level 2.9 Dodging
 + Level 2.2 Spellcasting
 + Level 4.3 Hexes


You had 2 spell levels left.
You knew the following spells:

 Your Spells              Type           Power      Damage    Failure   Level
a - Slow                  Hex            64%        N/A       4%          1
b - Inner Flame           Hex/Fire       9%         N/A       34%         3

Your spell library contained the following spells:

 Spells                   Type           Power      Damage    Failure   Level
 Portal Projectile        Hex/Tloc       18%        N/A       34%         3
 Cause Fear               Hex            8%         N/A       43%         4


Dungeon Overview and Level Annotations

Branches:
Dungeon (3/15)

Altars:
Fedhas

Annotations:
D:2 Robin


Message History

Press: ? - help, Shift-Dir - straight line, f - orc
Aim: an orc, wielding a +0 hand axe (wandering, hasn't noticed you, chance to affect: 72%)
The orc shouts!
The orc seems to slow down.
Casting: Slow (safe; 4% risk of failure)
Confirm with . or Enter, or press ? or * to list all spells.
Aiming: Slow (safe; 4% risk of failure)
Press: ? - help, Shift-Dir - straight line, f/p - orc
Aim: an orc, wielding a +0 hand axe (slow, chance to affect: 72%)
Okay, then.
You shoot an arrow. The arrow hits the orc.
The orc is severely wounded.
You shoot an arrow. The arrow hits the orc!
You kill the orc!
An ogre comes into view. It is wielding a +0 giant spiked club.
You shoot an arrow. The ogre shouts!
The arrow hits the ogre.
The ogre is lightly wounded.
You shoot an arrow. The arrow barely misses the ogre.
You shoot an arrow. The arrow hits the ogre!
The ogre is heavily wounded.
You shoot an arrow.
The arrow hits the ogre but does no damage.
The ogre is heavily wounded.
An orc priest comes into view. It is wielding a +0 mace.
You shoot an arrow.
The arrow hits the ogre but does no damage.
The ogre is heavily wounded.
The ogre hits you with a +0 giant spiked club!
Casting: Slow (safe; 4% risk of failure)
Confirm with . or Enter, or press ? or * to list all spells.
Aiming: Slow (safe; 4% risk of failure)
Press: ? - help, Shift-Dir - straight line, f/p - ogre
Aim: an ogre, wielding a +0 giant spiked club (heavily wounded, chance to affect: 55%)
The ogre resists with significant effort.
The ogre attacks as you move away!
The ogre hits you with a +0 giant spiked club!
Ouch! That really hurt!
You die...

...#########.#
.............
............#
#).o......!.#
#...........#
#...>.......#
#...........+
#.....O@....#
#......[....#
#...........#
#........?..#
#...........#
#........>..#
#############


You could see an ogre and an orc priest.

Vanquished Creatures
  2 adders (D:2)
  An orc (D:3)
  A bat (D:1)
  An endoplasm (D:2)
  3 giant cockroaches
  5 goblins
  A hobgoblin (D:2)
  3 jackals (D:1)
  A kobold (D:2)
  2 quokkas (D:1)
  2 ball pythons
  A rat (D:1)
23 creatures vanquished.

Notes
Turn   | Place    | Note
-------+----------+-------------------------------------------
     0 | D:1      | siradein the Deep Elf Arcane Marksman began the quest for
                  | the Orb.
     0 | D:1      | Reached XP level 1. HP: 11/11 MP: 5/5
    94 | D:1      | Reached skill level 1 in Fighting
   170 | D:1      | Reached XP level 2. HP: 16/16 MP: 4/6
   267 | D:1      | You fall into a shaft and drop 1 floor!
   267 | D:2      | Found a blossoming altar of Fedhas.
   306 | D:2      | Reached XP level 3. HP: 14/20 MP: 4/8
   633 | D:2      | Identified the +2 robe "Ceax" {Dex+3}
   641 | D:2      | Learned a level 3 spell: Inner Flame
   788 | D:2      | Noticed Robin
   985 | D:3      | Noticed an ogre
   992 | D:3      | Slain by an ogre

Illustrated notes

Levels and vault maps discovered:
D:1:      minmay_arrival_shattered_statue, layout_basic, st_stairs_8
D:2:      layout_basic, basic_altar, chequers_ecumenical_altar_simple_redux,
          uniq_terence, uniq_robin, uniq_sigmund
D:3:      layout_basic, gammafunk_ghost_necromancy

Skill      XL: |  1  2 |
---------------+-------+-----
Fighting       | 1 |  1.3
Bows           | 3 |  3.7
Spellcasting   | 2 |  2.2
Dodging        | |  2.9
Hexes          | |  4.3

Action                   || total
-------------------------++-------
 Fire: Shortbow          ||    75
 Cast: Slow              ||    23
Armor: Robe              ||     7
       Leather armour    ||     8
Dodge: Dodged            ||    21

Table legend: (Time is in decaauts)
 A = Elapsed time spent in this place.
 B = Non-inter-level travel time spent in this place.
 C = Inter-level travel time spent in this place.
 D = Time resting spent in this place.
 E = Time spent auto-exploring this place.
 F = Levels seen in this place.
 G = Mean time per level.
                   A        B        C        D        E       F      G
               +--------+--------+--------+--------+--------+-----+--------+
         Total |   1018 |   1018 |      0 |    434 |    347 |   3 |  339.3 |
       Dungeon |   1018 |   1018 |      0 |    434 |    347 |   3 |  339.3 |
               +--------+--------+--------+--------+--------+-----+--------+

Top non-repeatable levels by time:
     D:2: 555 daAuts
     D:1: 277 daAuts
     D:3: 186 daAuts
